 Dungeon Crawl Stone Soup version 0.26-a0-996-g6b303dbc09 (webtiles) character file.

Game seed: 14319954508579185102

3999 PentaManta the Grappler (level 10, -4/88 HPs)
             Began as a Troll Abyssal Knight on Dec 6, 2020.
             Was an Elder of Lugonu.
             Slain by a gnoll sergeant
             ... wielding a +0 glaive
              (9 damage)
             ... in a bailey.
             The game lasted 00:08:21 (4695 turns).

PentaManta the Grappler (Troll Abyssal Knight)      Turns: 4695, Time: 00:08:21

Health: -4/88      AC: 13    Str: 25    XL:     10   Next: 3%
Magic:  11/12      EV: 10    Int: 11    God:    Lugonu [****..]
Gold:   281        SH:  0    Dex:  9    Spells: 9/9 levels left

rFire    + . .     SeeInvis .     - Unarmed
rCold    . . .     Faith    .   (no shield)
rNeg     . . .     Spirit   .   A - +0 swamp dragon scales
rPois    +         Reflect  .   u - +1 hat {Int+3}
rElec    .         Harm     .   (no cloak)
rCorr    .         Rampage  .   (gloves unavailable)
MR       .....                  (boots unavailable)
Stlth    ..........             (no amulet)
HPRegen  0.64/turn              q - ring of protection from fire
MPRegen  0.13/turn              (no ring)

@: no status effects
A: large, unfitting armour, claws 3, regeneration 1, shaggy fur 1, tough skin 3
a: Depart the Abyss, Bend Space, Banish, Corrupt, Renounce Religion


You were in a bailey.
You worshipped Lugonu.
Lugonu was greatly pleased with you.
You visited 1 branch of the dungeon, and saw 8 of its levels.
You visited the Abyss 1 time.
You also visited: Bailey.

You collected 371 gold pieces.
You spent 90 gold pieces at shops.

Inventory:

Missiles
 x - 4 large rocks
 y - 18 poisoned darts
Armour
 a - a +0 robe
 u - a +1 hat of intelligence (worn)
 A - +0 swamp dragon scales (worn)
Jewellery
 q - a ring of protection from fire (left claw)
Wands
 c - a wand of paralysis (7)
 n - a wand of acid (9)
 B - a wand of polymorph (7)
Scrolls
 d - 13 scrolls of identify {unknown}
 h - 10 scrolls of remove curse {unknown}
 i - a scroll of magic mapping
 k - 3 scrolls of teleportation {unknown}
Potions
 b - 4 potions of haste {unknown}
 e - 7 potions of curing
 f - a potion of degeneration {unknown}
 g - 3 potions of brilliance {unknown}
 j - 2 potions of heal wounds {unknown}
 l - 3 potions of flight {unknown}
 m - a potion of invisibility {unknown}
 o - a potion of resistance {unknown}
 r - a potion of attraction {unknown}
 s - a potion of berserk rage {unknown}
 t - 2 potions of lignification {unknown}
 z - a potion of mutation {unknown}


   Skills:
 - Level 2.4 Fighting
 - Level 3.6 Armour
 - Level 4.2 Dodging
 + Level 11.9 Unarmed Combat
 - Level 4.5 Invocations


You had 9 spell levels left.
You didn't know any spells.
Your spell library was empty.

Dungeon Overview and Level Annotations

Branches:
Dungeon (9/15)             Bailey (1/1)
 Temple: D:4-7         Lair: D:8-11         Orc: D:9-12

Altars:
Okawaru
Sif Muna
Trog
Uskayaw
Vehumet
Zin


Innate Abilities, Weirdness & Mutations

You are too large for most types of armour.
You have claws for hands.
Your natural rate of healing is unusually fast.
You are covered in fur. (AC +1)
You have extremely tough skin. (AC +3)


Message History

Items here: )) [[ †.
You claw the gnoll sergeant!
The gnoll sergeant is moderately wounded.
The gnoll sergeant barely misses you. The gnoll closely misses you.
The gnoll sergeant hits you with a +0 glaive.
* * * LOW HITPOINT WARNING * * *
You scratch the gnoll sergeant but do no damage.
The gnoll sergeant is moderately wounded.
You mangle the gnoll sergeant!!
You kill the gnoll sergeant!
Lugonu accepts your kill. The gnoll hits you but does no damage.
The gnoll sergeant hits you with a +0 glaive!
* * * LOW HITPOINT WARNING * * *
The gnoll completely misses you.
Things that are here:
a +0 glaive; a +4 chain mail Space bends sharply around you!
You blink.
The gnoll sergeant hits you with a +0 glaive!
You die...

♣♣♣♣♣♣♣♣♣♣♣♣ ♣♣≈≈≈≈≈≈≈≈≈≈≈
♣♣≈≈@..# ###########
♣.≈g)### 8.......8.##
♣♣.≈§.# ...........#
♣..≈.g# .....gggg...
♣..≈..# ..#####)g...
♣♣..≈..# ##...##g.g.
♣♣..)≈..######.....###'#
#♣♣♣.......'...#)g.....#)..
#∩..∩..)...')g.g)..8.g.g)).


You could see a gnoll sergeant and a gnoll.

Vanquished Creatures
  A two-headed ogre (D:8)
  Maggie (D:6)
  Prince Ribbit (D:6)
  Eustachio (D:6)
  4 ice beasts
  2 phantoms
  A centaur (D:9)
  An ogre (D:4)
  Blork the orc (D:4)
  3 bullfrogs
  5 gnoll sergeants
  9 killer bees (D:8)
  4 wights (D:5)
  A howler monkey (D:4)
  2 bullfrog zombies
  A centaur skeleton (D:4)
  6 hounds
  An orc priest (D:4)
  A bullfrog skeleton (D:4)
  3 gnoll shamans (Bailey)
  3 orc wizards
  3 worker ants
  17 gnolls
  8 adders
  2 shadow imps
  A white imp (D:8)
  An ufetubus (D:6)
  4 oozes
  3 dart slugs
  A worm (D:2)
  2 leopard geckos
  10 orcs
  12 bats
  5 giant cockroaches
  6 goblins
  4 hobgoblins
  3 quokkas
  2 ball pythons
  6 frilled lizards
  7 kobolds
  A leopard gecko skeleton (D:4)
  A leopard gecko zombie (D:5)
  10 rats
161 creatures vanquished.

Notes
Turn   | Place    | Note
-------+----------+-------------------------------------------
     0 | Abyss:1  | PentaManta the Troll Abyssal Knight began the quest for the
                  | Orb.
     0 | Abyss:1  | Reached XP level 1. HP: 22/22 MP: 1/1
    40 | Abyss:1  | Found a corrupted altar of Lugonu.
    40 | Abyss:1  | Noticed a big kobold
    40 | Abyss:1  | Noticed a big kobold
    40 | Abyss:1  | Noticed a big kobold
    40 | Abyss:1  | Noticed a big kobold
    40 | Abyss:1  | Noticed a big kobold
    40 | Abyss:1  | Noticed a big kobold
    40 | Abyss:1  | Noticed a big kobold
    40 | Abyss:1  | Noticed a big kobold
    82 | D:1      | Escaped the Abyss
   176 | D:1      | Reached * piety under Lugonu
   177 | D:1      | Reached XP level 2. HP: 28/29 MP: 2/2
   199 | D:1      | Reached skill level 3 in Unarmed Combat
   381 | D:1      | Reached XP level 3. HP: 18/36 MP: 3/3
   664 | D:2      | Found a bloodstained altar of Trog.
   783 | D:2      | Reached skill level 4 in Unarmed Combat
   857 | D:2      | Reached ** piety under Lugonu
  1270 | D:3      | Reached XP level 4. HP: 44/44 MP: 4/4
  1344 | D:3      | Found a hide-covered altar of Uskayaw.
  1788 | D:4      | Reached skill level 5 in Unarmed Combat
  1788 | D:4      | Reached XP level 5. HP: 39/50 MP: 5/5
  1937 | D:4      | Reached skill level 6 in Unarmed Combat
  1951 | D:4      | Reached XP level 6. HP: 52/59 MP: 6/6
  2027 | D:4      | Noticed Blork the orc
  2035 | D:4      | Killed Blork the orc
  2207 | D:4      | Reached skill level 7 in Unarmed Combat
  2293 | D:4      | Reached XP level 7. HP: 60/66 MP: 7/7
  2512 | D:5      | Entered Level 5 of the Dungeon
  2515 | D:5      | Found Zin's Purification Station.
  2515 | D:5      | Found a glowing silver altar of Zin.
  2524 | D:5      | Bought a potion of curing for 90 gold pieces
  2539 | D:5      | Reached skill level 8 in Unarmed Combat
  2617 | D:5      | Reached *** piety under Lugonu
  2951 | D:6      | Noticed Eustachio
  2962 | D:6      | Killed Eustachio
  2963 | D:6      | Reached skill level 9 in Unarmed Combat
  3053 | D:6      | Reached XP level 8. HP: 74/74 MP: 8/8
  3220 | D:6      | Found a radiant altar of Vehumet.
  3222 | D:6      | Found an iron altar of Okawaru.
  3222 | D:6      | Noticed Prince Ribbit
  3235 | D:6      | Killed Prince Ribbit
  3236 | D:6      | Reached skill level 10 in Unarmed Combat
  3560 | D:6      | Found a shimmering blue altar of Sif Muna.
  3622 | D:6      | Noticed Maggie
  3636 | D:6      | Killed Maggie
  3637 | D:6      | Reached skill level 11 in Unarmed Combat
  3673 | D:6      | You fall into a shaft and drop 3 floors!
  3872 | D:9      | Reached skill level 1 in Armour
  3872 | D:9      | Reached XP level 9. HP: 73/80 MP: 9/9
  3972 | D:9      | Reached **** piety under Lugonu
  4245 | D:8      | Noticed a two-headed ogre
  4255 | D:8      | Killed a two-headed ogre
  4470 | D:8      | Found a flagged portal.
  4479 | Bailey   | Entered a bailey
  4685 | Bailey   | Reached XP level 10. HP: 30/88 MP: 12/12
  4695 | Bailey   | Slain by a gnoll sergeant

Illustrated notes

Levels and vault maps discovered:
D:1:      lightli_arrival_flooded_house, layout_rooms, minmay_misc_feat_alley,
          minmay_fountain_box
D:2:      layout_basic, lightli_temple_of_fire
D:3:      layout_loops_ring, eat_drink_and_be_merry_uskayaw
D:4:      layout_basic, uniq_blork_the_orc
D:5:      lemuel_upstairs_altar, layout_basic, zin_purify, uniq_pikel
D:6:      layout_layer_cave, chequers_temple_overflow_statue_of_worship,
          uniq_maggie, uniq_eustachio, uniq_prince_ribbit1
D:8:      layout_loops_corners, nicolae_gozag_seed_capital,
          overflow_temple_1_default, chequers_temple_overflow_minitemple,
          special_room [special_room_orc], enter_bailey_2, grunt_ministairs_6
D:9:      layout_cave_pools, orc_0_dummy, serial_column_ruins,
          column_ruins_courtyard_long, column_ruins_square_medium,
          column_ruins_corridor_dead_end, column_ruins_open_small,
          column_ruins_open_tiny, column_ruins_grid_4,
          column_ruins_open_small_water
Bailey:   bailey_polearm_gnolls_kennysheep, bailey

Skill      XL: |  1  2  3  4  5  6  7  8  9 |
---------------+----------------------------+-----
Unarmed Combat | 3 4 5 6 7 9 11 | 11.9
Dodging        | 2 4 |  4.2
Armour         | 1 3 |  3.6
Invocations    | 2 4 |  4.5
Fighting       | |  2.4

Action                   |  1- 3 |  4- 6 |  7- 9 | 10-12 || total
-------------------------+-------+-------+-------+-------++-------
Melee: Unarmed           |   107 |   112 |   314 |     6 ||   539
       Punch             |     1 |     3 |    11 |       ||    15
Invok: Depart the Abyss  |     1 |       |       |       ||     1
       Bend Space        |       |       |       |     1 ||     1
  Use: Scroll            |       |       |     7 |       ||     7
Armor: Robe              |    46 |    38 |    35 |       ||   119
       Swamp dragon scal |       |       |   129 |     4 ||   133
Dodge: Dodged            |    71 |    55 |   208 |     6 ||   340

Table legend: (Time is in decaauts)
 A = Elapsed time spent in this place.
 B = Non-inter-level travel time spent in this place.
 C = Inter-level travel time spent in this place.
 D = Time resting spent in this place.
 E = Time spent auto-exploring this place.
 F = Levels seen in this place.
 G = Mean time per level.
                   A        B        C        D        E       F      G
               +--------+--------+--------+--------+--------+-----+--------+
         Total |   4611 |   4542 |     69 |    285 |   3183 |  10 |  461.1 |
       Dungeon |   4328 |   4259 |     69 |    278 |   3072 |   8 |  541.0 |
         Abyss |     81 |     81 |      0 |      0 |     40 |   1 |   81.0 |
        Bailey |    201 |    201 |      0 |      7 |     71 |   1 |  201.0 |
               +--------+--------+--------+--------+--------+-----+--------+

Top non-repeatable levels by time:
     D:4: 721 daAuts
     D:6: 708 daAuts
     D:2: 612 daAuts
     D:3: 540 daAuts
     D:1: 535 daAuts
     D:5: 433 daAuts
     D:9: 391 daAuts
     D:8: 384 daAuts
  Bailey: 201 daAuts
 Abyss:1: 81 daAuts
